 Dungeon Crawl Stone Soup version 0.27-a0-637-g3a9f0a9c12 (webtiles) character file.

Game seed: 17269652563808957872

498 Dreamer the Insei (level 7, 0/45 HPs)
             Began as an Octopode Transmuter on Mar 15, 2021.
             Was an Initiate of Cheibriados.
             Slain by Sigmund
             ... wielding a +0 scythe
              (3 damage)
             ... while paralysed by Ijyb
             ... on level 5 of the Dungeon.
             The game lasted 00:25:50 (5729 turns).

Dreamer the Insei (Octopode Transmuter)             Turns: 5729, Time: 00:25:51

Health: 0/45       AC:  2    Str: 12    XL:     7   Next: 16%
Magic:  10/10      EV:  5    Int: 16    God:    Cheibriados [......]
Gold:   218        SH:  0    Dex: 19    Spells: 4/10 levels left

rFire    + . .     SeeInvis .     - Unarmed
rCold    x . .     Faith    .   (shield currently unavailable)
rNeg     . . .     Spirit   .   (helmet currently unavailable)
rPois    x         Reflect  .   t - amulet of magic regeneration
rElec    .         Harm     .   o - ring of fire
rCorr    .         Rampage  .   (no ring)
Will     .....                  (no ring)
Stlth    +++.......             (no ring)
HPRegen  0.15/turn              (no ring)
MPRegen  0.37/turn              (no ring)
                                (no ring)
                                (no ring)

@: paralysed, spider-form, very slow
A: venomous fangs, almost no armour, (amphibious), 8 rings, tiny, (camouflage
1), (gelatinous body 1), (nimble swimmer 1), (tentacles)
a: End Transformation, Renounce Religion, Bend Time


You were on level 5 of the Dungeon.
You worshipped Cheibriados.
Cheibriados was noncommittal.
You were a venomous arachnid creature.
You visited 1 branch of the dungeon, and saw 6 of its levels.

You collected 218 gold pieces.

Inventory:

Armour
 s - a scarf of harm
Jewellery
 o - a ring of fire (left front leg)
 t - an amulet of magic regeneration (around neck)
Wands
 l - a wand of digging (5)
Scrolls
 b - a scroll of magic mapping {unknown}
 d - a scroll of immolation {unknown}
 e - 4 scrolls of identify {unknown}
 f - 3 scrolls of teleportation {unknown}
 k - 3 scrolls of noise {unknown}
 p - 2 scrolls of enchant armour {unknown}
 r - 2 scrolls of enchant weapon {unknown}
Potions
 a - 4 potions of curing {unknown}
 c - a potion of haste {unknown}
 g - a potion of ambrosia {unknown}
 h - 2 potions of attraction {unknown}
 i - 2 potions of flight {unknown}
 j - a potion of cancellation {unknown}
 m - 3 potions of mutation {unknown}
 n - a potion of resistance {unknown}
 q - 2 potions of invisibility {unknown}
 u - a potion of heal wounds {unknown}


   Skills:
 + Level 2.6 Fighting
 + Level 3.3 Dodging
 + Level 3.6 Stealth
 - Level 5.0 Unarmed Combat
 - Level 2.0 Spellcasting
 * Level 4.2 Transmutations


You had 4 spell levels left.
You knew the following spells:

 Your Spells              Type           Power      Damage    Failure   Level
a - Beastly Appendage     Tmut           30%        N/A       12%         1
b - Wereblood             Tmut           15%        N/A       16%         2
c - Spider Form           Tmut/Pois      4%         N/A       47%         3

Your spell library contained the following spells:

 Spells                   Type           Power      Damage    Failure   Level
 Ice Form                 Ice/Tmut       8%         N/A       83%         4
 Blade Hands              Tmut           7%         N/A       86%         5


Dungeon Overview and Level Annotations

Branches:
Dungeon (6/15)
 Temple: D:4-7

Altars:
Cheibriados
Elyvilon
Gozag
Nemelex Xobeh
Qazlal
The Shining One

Annotations:
D:4 Dowan, Duvessa, Pikel
D:5 Ijyb, Sigmund


Innate Abilities, Weirdness & Mutations

You are a venomous arachnid creature.
You have poisonous fangs.
You are tiny and dextrous.
Your spellcasting is less reliable in this form.
Your armour is entirely melded.
You are incapable of wielding weapons or throwing items.
You cannot wear most types of armour.
((You are amphibious.))
You can wear up to eight rings at the same time.
((Your skin changes colour to match your surroundings (Stealth+).))
((Your rubbery body absorbs attacks. (AC +1, EV +1)))
((You are stealthy while swimming. (Stealth+)))
((You have tentacles for arms and can constrict up to eight enemies at once.))


Message History

You are poisoned.
You feel sick.
An ogre is nearby!
An ogre is nearby!
The ogre shouts!
You hear a shout!
There is a stone staircase leading up here.
You feel sick.
You climb upwards.
Level annotation: Dowan, Duvessa, Pikel
There is a stone staircase leading down here.
You start resting.
Magic restored.
You feel sick.
You start resting.
You feel sick.
You are no longer poisoned.
You start resting.
Your magical contamination has completely faded away.
You start resting.
HP restored.
Casting: Spider Form (quite dangerous; 26% risk of failure)
Confirm with . or Enter, or press ? or * to list all spells.
The spell is quite dangerous to cast (26% risk of failure)!
Continue anyway?
You turn into a venomous arachnid creature.
You climb downwards.
The ogre misses you.
Ijyb the Twisted Goblin comes into view.
She is wielding a +0 club and carrying a wand of paralysis (6).
There is a stone staircase leading up here.
You bite the ogre!
The ogre is poisoned.
The ogre is moderately wounded.
The ogre hits you with a +0 giant club!!
Ijyb zaps a wand.
You suddenly lose the ability to move!
Ijyb zaps a wand.
You shrug off the repeated paralysis!
The ogre hits you with a +0 giant club!
* * * LOW HITPOINT WARNING * * *
Sigmund the Dreaded comes into view.
He is wielding a +0 scythe.
Ijyb zaps a wand.
You resist with some effort. The ogre hits you with a +0 giant club!
* * * LOW HITPOINT WARNING * * *
The ogre barely misses you.
Ijyb zaps a wand.
You resist with some effort.
Sigmund hits you from afar with a +0 scythe.
You die...

#.##.##.. ...#
#.#......
...#...........
.............†. ..
............
.###.....#..#..
######.....#......#..
#....O.....#......#..
#.##s......#.#....#..
.....@.####.......#
#.. ....... ....
.####.. #. #.. #..
#.g ##.


You could see Sigmund, an ogre (very poisoned) and Ijyb.

Vanquished Creatures
  An ogre (D:4)
  A phantom (D:4)
  A scorpion (D:4)
  2 howler monkeys (D:4)
  Jessica (D:2)
  Terence (D:3)
  An iguana (D:4)
  Robin (D:3)
  3 adders (D:2)
  An adder skeleton (D:4)
  3 worms
  A dart slug (D:1)
  2 leopard geckos (D:2)
  10 orcs
  A ball python (D:3)
  5 bats
  5 giant cockroaches
  13 goblins
  8 hobgoblins
  4 jackals (D:4)
  6 quokkas
  A frilled lizard (D:1)
  A jackal skeleton (D:3)
  3 kobolds
  8 rats
84 creatures vanquished.

Notes
Turn   | Place    | Note
-------+----------+-------------------------------------------
     0 | D:1      | Dreamer the Octopode Transmuter began the quest for the
                  | Orb.
     0 | D:1      | Reached XP level 1. HP: 13/13 MP: 3/3
   408 | D:1      | Reached XP level 2. HP: 18/18 MP: 5/5
  1057 | D:2      | Reached XP level 3. HP: 10/23 MP: 4/6
  1253 | D:2      | Reached skill level 1 in Stealth
  1258 | D:2      | Noticed Jessica
  1271 | D:2      | Killed Jessica
  1334 | D:2      | Reached XP level 4. HP: 16/28 MP: 5/7
  2428 | D:2      | Found a white marble altar of Elyvilon.
  2605 | D:3      | Reached skill level 4 in Unarmed Combat
  2655 | D:3      | Learned a level 2 spell: Wereblood
  2667 | D:3      | Noticed Robin
  2673 | D:3      | Noticed Terence
  3193 | D:3      | Reached XP level 5. HP: 18/33 MP: 8/8
  3257 | D:3      | Killed Robin
  3454 | D:3      | Killed Terence
  4404 | D:4      | Noticed Duvessa
  4525 | D:4      | Reached XP level 6. HP: 34/39 MP: 9/9
  4571 | D:4      | Found a sparkling altar of Nemelex Xobeh.
  4571 | D:4      | Found a stormy altar of Qazlal.
  4574 | D:4      | Found a snail-covered altar of Cheibriados.
  4578 | D:4      | Became a worshipper of Cheibriados the Contemplative
  4584 | D:4      | Found a glowing golden altar of the Shining One.
  4910 | D:4      | Reached skill level 5 in Unarmed Combat
  4910 | D:4      | Reached XP level 7. HP: 23/45 MP: 10/10
  5100 | D:4      | Learned a level 3 spell: Spider Form
  5256 | D:4      | You fall into a shaft and drop 2 floors!
  5265 | D:5      | Entered Level 5 of the Dungeon
  5439 | D:4      | Found an opulent altar of Gozag.
  5478 | D:4      | Noticed Pikel
  5608 | D:4      | Noticed Dowan
  5723 | D:5      | Noticed Ijyb
  5724 | D:5      | Paralysed by Ijyb for 6 turns
  5725 | D:5      | Noticed Sigmund
  5729 | D:5      | Slain by Sigmund

Illustrated notes

Levels and vault maps discovered:
D:1:      dpeg_arrival_pits, layout_loops_ring, serial_rivers,
          chequers_serial_rivers_marsh, chequers_serial_rivers_small_3,
          chequers_serial_rivers_micro_a, chequers_serial_rivers_marsh,
          chequers_serial_rivers_micro_d, chequers_serial_rivers_micro_d
D:2:      minmay_alternating_diamond, layout_loops_ring, general_overflow_altar,
          uniq_jessica
D:3:      layout_rooms, portal_sewer_entry_a, uniq_robin, uniq_terence
D:4:      layout_loops_ring, grunt_temple_overflow_cloverleaf,
          lemuel_coloured_pillars_altar, uniq_duvessa, uniq_pikel
D:5:      layout_basic, nicolae_overflow_crystal_walls,
          ebering_ghost_reflecting_pool, minmay_stone_trees_small,
          kennysheep_small_circle, uniq_sigmund, uniq_ijyb
D:6:      layout_basic, lemuel_doored_altar, minmay_small_thing,
          uniq_blork_the_orc

Skill      XL: |  1  2  3  4  5  6 |
---------------+-------------------+-----
Stealth        | 1 2 3 |  3.6
Unarmed Combat | 4 5 |  5.0
Transmutations | 3 4 |  4.2
Fighting       | 2 |  2.6
Dodging        | 3 |  3.3
Spellcasting   | |  2.0

Action                   |  1- 3 |  4- 6 |  7- 9 || total
-------------------------+-------+-------+-------++-------
Melee: Unarmed           |    54 |   160 |    14 ||   228
       Constrict         |    19 |    36 |     4 ||    59
       Tentacles         |     7 |    25 |     2 ||    34
       Kick              |     3 |    19 |     1 ||    23
       Punch             |     1 |     4 |     1 ||     6
 Cast: Beastly Appendage |     3 |    15 |     1 ||    19
       Wereblood         |       |     5 |       ||     5
       Spider Form       |       |       |     1 ||     1
 Stab: Sleeping          |     7 |     8 |     4 ||    19
Armor: Skin              |     6 |     7 |       ||    13
Dodge: Dodged            |    31 |    71 |    10 ||   112

Table legend: (Time is in decaauts)
 A = Elapsed time spent in this place.
 B = Non-inter-level travel time spent in this place.
 C = Inter-level travel time spent in this place.
 D = Time resting spent in this place.
 E = Time spent auto-exploring this place.
 F = Levels seen in this place.
 G = Mean time per level.
                   A        B        C        D        E       F      G
               +--------+--------+--------+--------+--------+-----+--------+
         Total |   5893 |   5813 |     80 |   2167 |   2550 |   6 |  982.2 |
       Dungeon |   5893 |   5813 |     80 |   2167 |   2550 |   6 |  982.2 |
               +--------+--------+--------+--------+--------+-----+--------+

Top non-repeatable levels by time:
     D:2: 2178 daAuts
     D:4: 1789 daAuts
     D:3: 1120 daAuts
     D:1: 709 daAuts
     D:5: 85 daAuts
     D:6: 10 daAuts
